[Event "Božićni turnir u VaraždinskimToplicama 26.12.2025."]
[Site "Varazdinske Toplice, Croatia"]
[Date "2025.12.26"]
[Round "8.9"]
[White "Matkun, Josip"]
[Black "Hostnjak, Hrvoje"]
[Result "0-1"]
[TimeControl "10"]
[WhiteFideId "14513765"]
[BlackFideId "14551470"]
[WhiteElo "1832"]
[BlackElo "1704"]

1. d4 d5 2. c3 c6 3.
Nf3 Nf6 4. Bg5 g6 5. Nbd2 Bg7 6. e3 O-O 7. h3 Nbd7 8. Bd3 Re8 9. O-O e5 10. dxe5 Nxe5 11. Nxe5 Rxe5 12. Nf3 Re8 13. Re1 Qb6 14.
Qc2 Ne4 15. Bf4 a5 16. Rab1 a4 17. a3 Nc5 18. Bf1 Bf5 19. Qc1 Bxb1 20. Qxb1 Rad8 21. g4 Nb3 22. Qc2 c5 23. Rd1 Qc6 24. Bg2 b5 25. h4 Na5 26. h5 Nc4 27.
hxg6 hxg6 28. Ng5 Nb6 29. Bf3 Qf6 30. Nh3 d4 31. Kg2 Nd5 32. Bg5 Qe6 33. Bxd8 Rxd8 34. cxd4 cxd4 35. exd4 Nf6 36. Ng5 Qd7 37. Qc6 Qe7 38. Qxb5 Bh6 39. Nh3 Nd7 40. g5 Bg7 41. Qxa4 0-1

[Event "Božićni turnir u VaraždinskimToplicama 26.12.2025."]
[Site "Varazdinske Toplice, Croatia"]
[Date "2025.12.26"]
[Round "8.10"]
[White "Bedekovic, Jakov"]
[Black "Brnadic, Grga"]
[Result "*"]
[TimeControl "10"]
[WhiteFideId "14596458"]
[BlackFideId "14578999"]
[WhiteElo "1965"]
[BlackElo "1387"]

1. e4 c5 2. f4 g6 3. Nf3 Nc6 4. Bb5 Nd4 5. Nxd4 cxd4 6. c4 Bg7 7. O-O a6 8. Ba4 e6 9. d3 Ne7 10. Nd2 O-O 11. Nf3 Rb8 12. Qe1 b5 13.
cxb5 axb5 14. Bb3 Nc6 15. f5 Ne5 16.
Nxe5 Bxe5 17. Bg5 Qc7 18. Qh4 Bg7 19. f6 Bh8 20. Rf3 h5 21. g4 hxg4 22. Qxg4 d6 23. Qh4 e5 24. Qh6 Qd7 25. Qxg6+ *

[Event "Božićni turnir u VaraždinskimToplicama 26.12.2025."]
[Site "Varazdinske Toplice, Croatia"]
[Date "2025.12.26"]
[Round "8.11"]
[White "Gombosi, Svit"]
[Black "Sardi, Darko"]
[Result "*"]
[TimeControl "10"]
[WhiteFideId "14656582"]
[BlackFideId "14511100"]
[WhiteElo "1442"]
[BlackElo "1905"]

1. e4 Nf6 2. Nc3 d5 3. exd5 Nxd5 4. Bc4 e6 5. Qe2 Nb6 6. Bb3 Nc6 7.
Nf3 Be7 8. O-O a5 9. Na4 Nd5 10. Nc3 Nf4 11. Qe4 Ng6 12. d4 O-O 13. d5 exd5 14. Bxd5 Nb4 15. Bb3 c6 16. Ne5 Nxe5 17.
Qxe5 Bf6 18. Qe3 Qd4 19. Qxd4 Bxd4 20. Bd2 b5 21. a3 Na6 22. Be3 Bf6 23. Rfd1 Bf5 24. Rd6 Rac8 25. Nxb5 Bxb2 26.
Rb1 Be5 27. Bf4 Bxf4 28. Nd4 Bxd6 29. Nxf5 Bc5 30. Bc4 Ra8 31. a4 g6 32. Nh4 Nb4 33. c3 Nd5 34. Bxd5 cxd5 35. Rb5 Rfc8 36.
g3 d4 37. cxd4 Bxd4 38. Nf3 Bc3 39. Rb7 Rab8 40. Re7 h6 41. Rd7 Rb4 42. h4 Rxa4 43. Kg2 Ra2 44. g4 a4 45. g5 h5 *

[Event "Božićni turnir u VaraždinskimToplicama 26.12.2025."]
[Site "Varazdinske Toplice, Croatia"]
[Date "2025.12.26"]
[Round "8.15"]
[White "Marcec, Tomislav"]
[Black "Obad, Damir"]
[Result "*"]
[TimeControl "10"]
[WhiteFideId "79316719"]
[BlackFideId "14514532"]
[WhiteElo "1691"]
[BlackElo "1999"]

1. c4 Nf6 2. d4 d6 3.
Nc3 g6 4. e4 Bg7 5. Bg5 c6 6. Nf3 O-O 7. Qd2 Bg4 8.
Bh6 Bxf3 9. gxf3 e5 10. d5 cxd5 11. Bxg7 Kxg7 12. Nxd5 Nxd5 13. cxd5 Nd7 14. f4 Nc5 15. Bd3 Nxd3+ 16. Qxd3 exf4 17. h4 h5 18. Ke2 Rc8 19. Rag1 Qf6 20. Qd2 f3+ 21. Ke3 Rfe8 22. Rg3 Rc4 23. Qd3 Rec8 24. Rxf3 Qxb2 25.
Qd2 Rc3+ 26. Ke2 Qxd2+ 27. Rxf7+ Kxf7+ 28. Kxd2 Rc2+ 29. Ke3 R8c3+ 30. Kf4 Rxf2+ 31. Kg5 Kg7 32. Rg1 Rc4 33. Re1 Rc3 34. Rg1 Re3 35. Rb1 b6 36. Rc1 Rxe4 37. Rc7+ Rf7 38.
Rxf7+ Kxf7 39. Kh6 Kf6 40. Kh7 Rxh4 41.
Kg8 g5 42. Kh7 Rc4 43. Kh6 *

[Event "Božićni turnir u VaraždinskimToplicama 26.12.2025."]
[Site "Varazdinske Toplice, Croatia"]
[Date "2025.12.26"]
[Round "9.1"]
[White "Vidovic, Sasa"]
[Black "Radic, Goran"]
[Result "1-0"]
[TimeControl "10"]
[WhiteFideId "14505010"]
[BlackFideId "14533995"]
[WhiteElo "2202"]
[BlackElo "2051"]

1. b3 d6 2. Bb2 e5 3. d4 Nd7 4. e4 c6 5. Nf3 Qc7 6. Nc3 Ngf6 7. Bd3 Be7 8. O-O O-O 9. Re1 b5 10. a4 b4 11. Ne2 a5 12. Ng3 Re8 13. Qd2 c5 14. dxe5 Nxe5 15.
Bxe5 dxe5 16. Bc4 Bf8 17. Ng5 Re7 18. Qe2 h6 19. Nf3 Be6 20. Bxe6 Rxe6 21. Nd2 Ne8 22. Nf5 Rd8 23. Nc4 g6 24. Nfe3 Nd6 25. Nd5 Qa7 26. Rad1 Nxc4 27. Qxc4 Kg7 28. Rd3 Qb7 29. Red1 Red6 30. g3 h5 31. Kg2 h4 32.
f3 Qc8 33. R1d2 h3+ 34. Kf2 Qb7 35.
Rd1 Qc8 36. R3d2 Be7 37. Rd3 Bf8 38. Ke2 Qb7 39. R1d2 Kh8 40. Kd1 Bh6 41. Re2 f5 42. c3 Qf7 43. Kc2 fxe4 44. fxe4 Qf1 45.
Rd1 Qf3 46. Qd3 Qg4 47. Rf1 bxc3 48. Qf3 Qxf3 49. Rxf3 Bd2 50. Rf7 R8d7 51. Ref2 Rxf7 52. Rxf7 Kg8 53. Ra7 c4 54. bxc4 1-0

[Event "Božićni turnir u VaraždinskimToplicama 26.12.2025."]
[Site "Varazdinske Toplice, Croatia"]
[Date "2025.12.26"]
[Round "9.2"]
[White "Petrus, Adrian"]
[Black "Sagovac, Kristijan"]
[Result "1-0"]
[TimeControl "10"]
[WhiteFideId "14573652"]
[BlackFideId "14542960"]
[WhiteElo "1636"]
[BlackElo "2014"]

1. e4 c5 2. Nf3 Nc6 3. Bb5 e5 4. O-O Bd6 5. Re1 a6 6. Bf1 Nge7 7. c3 Ng6 8. d4 Qc7 9. d5 Nce7 10. a4 O-O 11. Na3 b6 12. Nc4 Bb7 13. Ne3 f5 14. exf5 Nxf5 15. Nxf5 Rxf5 16. Bd3 Rf7 17. Bxg6 hxg6 18. Re4 Raf8 19. c4 b5 20. axb5 axb5 21. b3 Qb6 22. Be3 bxc4 23. bxc4 Bc7 24. Rb1 Qa7 25. Ng5 Rf6 26. Qg4 Qa2 27.
Rf1 Rf5 28. Qh4 Rxg5 29. Qxg5 Rf6 30. Qg4 Bc8 31. Bg5 Rf5 32. Be7 Qa6 33. d6 Bxd6 34. Qxg6 Bxe7 35. Qxf5 d5 36. Qxe5 dxe4 37. Qxe7 Qc6 38. Qe5 Be6 39. Re1 Bxc4 40. Qxe4 Qa6 41. Rc1 Bd3 42. Qd5+ Kh8 43.
Qh5+ Kg8 44. Qxc5 Qh6 45. Qe3 Qa6 46. h3 1-0

[Event "Božićni turnir u VaraždinskimToplicama 26.12.2025."]
[Site "Varazdinske Toplice, Croatia"]
[Date "2025.12.26"]
[Round "9.3"]
[White "Segovic, Goran"]
[Black "Zelenika, Zoran"]
[Result "1-0"]
[TimeControl "10"]
[WhiteFideId "14508842"]
[BlackFideId "14534452"]
[WhiteElo "2324"]
[BlackElo "2031"]

1. e4 c5 2. Nf3 e6 3. d4 cxd4 4. Nxd4 a6 5. Nc3 Qc7 6. Be3 Bb4 7. Nde2 Nf6 8. a3 Bc5 9. Qd2 Bxe3 10. Qxe3 Nc6 11. f4 d6 12. O-O-O O-O 13.
h3 b5 14. g4 b4 15. axb4 Nxb4 16. g5 Ne8 17. Bg2 Bb7 18. Nd4 Qa5 19. Nb3 Na2+ 20. Kd2 Qb4 21. Qd4 Qxd4+ 22. Nxd4 Nxc3 23. Kxc3 g6 24. Kd2 e5 25. Ne2 exf4 26.
Nxf4 Ng7 27. h4 Rfe8 28. Rhe1 Ne6 29. Nd5 Bxd5 30. exd5 Nf4 31. Bf3 Kg7 32. c4 h6 33. gxh6+ Kxh6 34. b4 a5 35. Rxe8 Rxe8 36. bxa5 Ra8 37. Ra1 g5 38. hxg5+ Kxg5 39. Kc3 Ng6 40. a6 Ra7 41. Kb4 Ne5 42. Be2 f5 43. Kb5 Nd7 44. Kc6 Nc5 45. Kxd6 Nb3 46.
Ra3 Nd4 47. Bd1 f4 48. Kc5 Nf5 49. Kb6 Ra8 50. c5 Ng3 1-0

[Event "Božićni turnir u VaraždinskimToplicama 26.12.2025."]
[Site "Varazdinske Toplice, Croatia"]
[Date "2025.12.26"]
[Round "9.4"]
[White "Mravunac, Damir"]
[Black "Bedekovic, Jakov"]
[Result "0-1"]
[TimeControl "10"]
[WhiteFideId "14502810"]
[BlackFideId "14596458"]
[WhiteElo "2044"]
[BlackElo "1965"]

1. f4 d5 2. b3 Nf6 3. Nf3 c5 4. e3 Bg4 5. Bb5+ Nc6 6. Bb2 e6 7. O-O Be7 8. d3 O-O 9. Bxc6 bxc6 10. Nbd2 Qb6 11. Qe1 Bxf3 12.
Nxf3 c4 13. Bd4 c5 14. Bb2 cxd3 15. cxd3 a5 16. Ne5 a4 17. Rb1 axb3 18. axb3 Rfb8 19. Qg3 Qc7 20. Ng4 Qd8 21. Ne5 Rb6 22.
f5 Rab8 23. fxe6 Rxe6 24. Ng4 Nxg4 25. Qxg4 Bf6 26. Bxf6 Rxf6 27. Rxf6 Qxf6 28. d4 c4 29. Qg3 Qb6 30. b4 Ra8 31.
Qf2 Ra3 32. Rf1 f6 33. Qf5 Qc6 34. b5 Qxb5 35. e4 c3 36. exd5 Qb6 37. Qc8+ Kf7 38. Qc4 Qa6 39. Qc7+ Kg6 40. h4 Qe2 41. h5+ Qxh5 42. Qe7 Ra2 43. Qe8+ Kh6 44.
Qe3+ Qg5 45. Qh3+ Kg6 46. Qd3+ Kf7 47. Qe4 c2 48. Re1 Ra8 49. Qxc2 Qxd5 50. Qd3 Rd8 51. Rd1 g5 52. Kh2 Kg7 53. Rd2 h5 54. Qe2 Qd6+ 55. Kh1 g4 56. Qe4 Qd5 57. Qe3 Qd6 58. d5 Qd7 59. Qe4 Re8 60. Qf4 0-1

[Event "Božićni turnir u VaraždinskimToplicama 26.12.2025."]
[Site "Varazdinske Toplice, Croatia"]
[Date "2025.12.26"]
[Round "9.5"]
[White "Hostnjak, Hrvoje"]
[Black "Bozinovic, Bogdan"]
[Result "0-1"]
[TimeControl "10"]
[WhiteFideId "14551470"]
[BlackFideId "14502593"]
[WhiteElo "1704"]
[BlackElo "2129"]

1. e4 c5 2. Be2 d6 3. d3 Nc6 4. c3 Nf6 5. f4 c4 6. Nf3 cxd3 7. Bxd3 e6 8. h3 Be7 9. Be3 O-O 10. O-O a6 11. Nbd2 Qc7 12.
Rc1 b5 13. Qc2 Bb7 14. g4 Rac8 15. a3 Rfe8 16. Rfe1 Nd7 17. Nf1 g6 18. Ng3 Nb6 19. h4 d5 20. e5 Nc4 21. h5 Nxe3 22.
Rxe3 Bc5 23. Nd4 Qb6 24. hxg6 Nxd4 25. gxf7+ Kxf7 26. Qh2 Nf3+ 0-1

[Event "Božićni turnir u VaraždinskimToplicama 26.12.2025."]
[Site "Varazdinske Toplice, Croatia"]
[Date "2025.12.26"]
[Round "9.7"]
[White "Marcec, Fran"]
[Black "Mitrovic, Boris"]
[Result "1-0"]
[TimeControl "10"]
[WhiteFideId "79313183"]
[BlackFideId "14610655"]
[WhiteElo "1150"]
[BlackElo "1968"]

1. b4 Nf6 2. Bb2 e6 3.
a3 d5 4. e3 c5 5. bxc5 Bxc5 6. Nf3 O-O 7. Be2 a6 8. O-O b5 9. d3 Nc6 10. Nbd2 Bd6 11. a4 bxa4 12. Rxa4 e5 13. e4 d4 14.
Nc4 Bc7 15. Qa1 Re8 16. h3 a5 17. c3 Bd7 18. Ra2 Be6 19. cxd4 Bxc4 20. dxc4 Nxd4 21. Nxd4 exd4 22. Rd1 Bb6 23. Bxd4 Rxe4 24. Bxb6 Qxb6 25.
Bf3 Qc6 26. Bxe4 Nxe4 27. Rxa5 Rc8 28. c5 h6 29. Qd4 f5 30. Qd5+ Kh7 31. Qxf5+ Kh8 32. Qd5 Qc7 33. Ra8 Nf6 34.
Rxc8+ Qxc8 35. Qd8+ 1-0

[Event "Božićni turnir u VaraždinskimToplicama 26.12.2025."]
[Site "Varazdinske Toplice, Croatia"]
[Date "2025.12.26"]
[Round "9.8"]
[White "Sardi, Darko"]
[Black "Klement, Dubravko"]
[Result "1-0"]
[TimeControl "10"]
[WhiteFideId "14511100"]
[BlackFideId "14515431"]
[WhiteElo "1905"]
[BlackElo "1790"]

1. e4 c5 2. c3 d5 3.
exd5 Qxd5 4. Nf3 Nf6 5. Be2 Bg4 6. O-O e6 7. Na3 a6 8. Qa4+ Nc6 9. Nc2 Qd7 10. Ne3 Bh5 11.
Qd1 Be7 12. Nc4 Qc7 13. d3 O-O 14. Bg5 h6 15. Bh4 Rad8 16. Bg3 Qd7 17. Qc2 b5 18. Nce5 Qb7 19. Rad1 Nxe5 20. Nxe5 Bxe2 21. Qxe2 Bd6 22. Rd2 Nd7 23. Rfd1 Nxe5 24. Bxe5 Bxe5 25. Qxe5 Rd5 26. Qe4 Qd7 27. h3 Rd8 28. a4 bxa4 29.
Qc4 Qb5 30. Qe4 g6 31. c4 Rd4 32. Qxd4 Qe8 1-0

[Event "Božićni turnir u VaraždinskimToplicama 26.12.2025."]
[Site "Varazdinske Toplice, Croatia"]
[Date "2025.12.26"]
[Round "9.9"]
[White "Srsan, Matija"]
[Black "Kodric, Vladimir"]
[Result "1-0"]
[TimeControl "10"]
[WhiteFideId "14520001"]
[BlackFideId "14604264"]
[WhiteElo "1942"]
[BlackElo "1920"]

1. e4 e6 2. d4 d5 3. Nd2 c5 4. Ngf3 a6 5.
c3 Nc6 6. e5 h6 7. Bd3 Qb6 8. Qb3 Qa7 9. dxc5 Bxc5 10. O-O Na5 11. Qc2 Nc6 12. b4 Bb6 13. a4 Nge7 14. Bb2 Bd7 15.
c4 Nxb4 16. Qb3 Nxd3 17. Qxd3 dxc4 18. Nxc4 Bc5 19. Ba3 Bxa3 20. Rxa3 Nd5 21. Nd6+ Kf8 22. Rb1 Rb8 23. Nd4 g6 24.
Qf3 Rh7 25. Rd3 Rg7 26. a5 Kg8 27. Ne2 Qc5 28. Rxb7 Rxb7 29. Nxb7 Qc4 30. Nd6 Qc2 31. g3 Qb2 32. Nd4 Qa1+ 33. Kg2 Qxa5 34. Ra3 Qc5 35. Qd3 Nb4 36. Qc3 Qxc3 37. Rxc3 a5 38. Rc7 Ba4 39. Ne8 Bxe8 40. Rc8 Kh7 41. Rxe8 a4 42. Ra8 Nd3 43. f4 Rg8 44. Rxa4 Rd8 45. Kf3 Nc5 46. Rc4 Na6 47. h4 Kg7 48.
Ke4 h5 49. Nb5 Rd1 50. Nd6 Ra1 51. Ne8+ Kf8 52. Nf6 Ke7 53. Rd4 Nc5+ 54. Kf3 Ra3+ 55. Kg2 Ra2+ 56. Kh3 Ra7 57. Rc4 Nd3 58. Rc8 Nxf4+ 59. gxf4 Ra3+ 60. Kg2 Ra2+ 61. Kf3 Ra3+ 62. Ke2 Ra2+ 63. Kd3 Ra3+ 64. Kc2 1-0

[Event "Božićni turnir u VaraždinskimToplicama 26.12.2025."]
[Site "Varazdinske Toplice, Croatia"]
[Date "2025.12.26"]
[Round "9.11"]
[White "Sostaric, Denis"]
[Black "Kovacek, Pavlo"]
[Result "1-0"]
[TimeControl "10"]
[WhiteFideId "14615851"]
[BlackFideId "14559200"]
[WhiteElo "1868"]
[BlackElo "1704"]

1. e4 c5 2. Nf3 e6 3. d4 cxd4 4. Nxd4 Nf6 5. Bd3 Nc6 6. Nxc6 dxc6 7. O-O e5 8.
h3 h6 9.
Kh1 Be6 10. f4 exf4 11. Bxf4 Be7 12. Nc3 g5 13. Be5 Rg8 14. Qe2 Nd7 15. Bh2 Qa5 16. Bc4 O-O-O 17. Bxe6 fxe6 18. Qc4 Rg6 19.
Rf7 Qc5 20. Qe2 Bd6 21. e5 Bxe5 22. Rxd7 Rxd7 23. Bxe5 g4 24. Qe4 Rg5 25. Bf4 Rd4 26. Qxe6+ Kd8 27. Bxg5+ Qxg5 28. Ne4 Qe3 29.
Qf6+ Kc7 30. Qe7+ Kb6 31. Nd6 Qg3 32. Qxb7+ Kc5 33. b4+ Kd5 34. c4+ Ke5 35. Nf7+ Ke4 36. Qxc6+ Ke3 37. Qxh6+ Kf2 38.
Qf6+ Ke3 39. Qe5+ 1-0

[Event "Božićni turnir u VaraždinskimToplicama 26.12.2025."]
[Site "Varazdinske Toplice, Croatia"]
[Date "2025.12.26"]
[Round "9.12"]
[White "Obad, Damir"]
[Black "Novak, Milan"]
[Result "0-1"]
[TimeControl "10"]
[WhiteFideId "14514532"]
[BlackFideId "14532409"]
[WhiteElo "1999"]
[BlackElo "1853"]

1. e4 c5 2. Nf3 d6 3. d4 cxd4 4. Nxd4 Nf6 5. Nc3 a6 6. Bg5 e6 7. f4 Qc7 8.
Qf3 Nbd7 9. O-O-O h6 10. Bh4 b5 11. g4 b4 12. Nce2 Bb7 13. Bxf6 Nxf6 14. Ng3 Rc8 15. Bd3 Qb6 16.
g5 Nd7 17. Nb3 a5 18. g6 f6 19. Qg4 d5 20. exd5 Bxd5 21. f5 Bxh1 22. Rxh1 Ne5 23. Qe4 Nxd3+ 24. Qxd3 Rd8 25. Qe2 e5 26.
Nh5 Rg8 27. Nf4 Be7 28. Ne6 Rd6 29. Nbc5 Rc6 30. Qc4 Bxc5 31. Nc7+ Rxc7 32. Qxg8+ Kd7 33. Rd1+ Kc6 34. Qd5+ Kb5 35.
Qd3+ Kc6 36. a4 Kb7 37. Qd5+ Qc6 38. Qb3 Bd4 39. Kb1 Ka7 40. Rd3 Qh1+ 41. Ka2 Qg2 42. Qd5 Qxd5+ 0-1

[Event "Božićni turnir u VaraždinskimToplicama 26.12.2025."]
[Site "Varazdinske Toplice, Croatia"]
[Date "2025.12.26"]
[Round "9.13"]
[White "Soelkner, Julian"]
[Black "Matkun, Josip"]
[Result "1-0"]
[TimeControl "10"]
[WhiteFideId "1665421"]
[BlackFideId "14513765"]
[WhiteElo "1661"]
[BlackElo "1832"]

1. d4 Nf6 2. Nf3 g6 3.
c4 Bg7 4. Nc3 O-O 5. Bf4 d6 6. e3 Bd7 7. Be2 h6 8. h3 Nc6 9.
O-O Qc8 10. Rb1 Re8 11. Nd5 Nh5 12. Bh2 e6 13. Nf4 Nxf4 14. exf4 e5 15. fxe5 dxe5 16. Nxe5 Nxe5 17. Bxe5 Bxe5 18.
dxe5 Rxe5 19. Bf3 c6 20. Qd2 Kh7 21. Rfe1 Rxe1+ 22. Rxe1 Be6 23. Qb4 Qc7 24. Rd1 a5 25. Qc3 Qe7 26. a3 Qh4 27. Rd4 Qf6 28.
Qd3 Re8 29. Qd2 c5 30. Rd6 Rb8 31. Bd5 Qe5 32. Bxe6 fxe6 33. Rd7+ Kg8 34. Qxh6 Qh8 35. Qxg6+ Kf8 36. Qf7# 1-0

[Event "Božićni turnir u VaraždinskimToplicama 26.12.2025."]
[Site "Varazdinske Toplice, Croatia"]
[Date "2025.12.26"]
[Round "9.14"]
[White "Veres, Vedran"]
[Black "Bezjak, Robert"]
[Result "1-0"]
[TimeControl "10"]
[WhiteFideId "79330134"]
[BlackFideId "79310630"]
[WhiteElo "1930"]
[BlackElo "1707"]

1. e4 c5 2. g3 d6 3. Bg2 Nc6 4. Ne2 Bd7 5. O-O Nf6 6.
c3 e5 7. d4 cxd4 8. cxd4 Be7 9.
d5 Na5 10. b4 Nc4 11. Qb3 Rc8 12. Nd2 b5 13. Nc3 O-O 14. Re1 a6 15. a4 Qc7 16. axb5 Bxb5 17. Nxb5 axb5 18. Nxc4 bxc4 19.
Qc3 Rb8 20. Bd2 Nd7 21. Ra6 Ra8 22. Rea1 Nb6 23. Be3 Rxa6 24. Rxa6 Rb8 25. Bxb6 Rxb6 26. Rxb6 Qxb6 27. Qxc4 Qb7 28. b5 Bd8 29. Qc6 Qxc6 30. dxc6 Bb6 31. Kf1 f6 32.
Ke2 Kf7 33. f4 Ke7 34. Kd3 Kd8 35. Kc4 Kc7 36. Kd5 exf4 37. gxf4 Be3 38. f5 Bf4 39. h3 g6 40. Ke6 gxf5 41.
exf5 Be5 42. Bd5 Bd4 43. Kf7 h5 44. h4 Bf2 45. Kxf6 Bxh4+ 46. Kg6 Bg3 47. f6 h4 48. f7 Kb6 49.
Bc4 h3 50. f8=Q h2 51. Qh6 Be5 52. Qh3 Kc7 53. Kf5 Kb6 54. Ke4 Kc7 55. Kd5 Kb6 56. Ke6 Kc7 57. Bd5 Kb6 58. Kd7 Kc5 59. Bh1 Kxb5 60. c7 1-0

[Event "Božićni turnir u VaraždinskimToplicama 26.12.2025."]
[Site "Varazdinske Toplice, Croatia"]
[Date "2025.12.26"]
[Round "9.15"]
[White "Brnadic, Grga"]
[Black "Mesar, Darko"]
[Result "1-0"]
[TimeControl "10"]
[WhiteFideId "14578999"]
[BlackFideId "14531038"]
[WhiteElo "1387"]
[BlackElo "1851"]

1. e4 c5 2. Nc3 a6 3. Nge2 Nc6 4. g3 e5 5.
Bg2 Nf6 6. O-O d6 7. d3 Be7 8. f4 exf4 9. Nxf4 O-O 10. Ncd5 Nxd5 11. Nxd5 Be6 12. Ne3 Bf6 13. c3 Rc8 14. Nf5 b5 15. g4 g6 16. Nh6+ Kh8 17.
Qf3 Bg7 18. g5 Qd7 19. Bd2 Ne5 20. Qe2 c4 21. d4 Nd3 22. d5 Bh3 23. Nxf7+ Kg8 24. Bxh3 Qxh3 25. Nxd6 Rcd8 26. Nb7 Rd7 27. Na5 Rdf7 28.
Qg2 Qd7 29. Rxf7 Qxf7 30. Rf1 Qa7+ 31. Kh1 Nf2+ 32. Kg1 Nxe4+ 33. Kh1 Rxf1+ 34. Qxf1 Nxd2 35. Qe2 Qc7 36. Qxd2 Qxa5 37. d6 Qd8 38. Qd5+ Kf8 39. Qc5 Qd7 40. Qc7 Ke8 41. Qc5 Bf8 42. Qe3+ Kf7 43. Qf3+ Kg8 44. Qd5+ Qf7 45. Qd1 Bxd6 46.
Kg2 Bc5 47. Qd8+ Kg7 48. Qd2 Qb7+ 49.
Kf1 Qf7+ 50. Kg2 Qf5 51. h4 Qg4+ 52.
Kh2 Qxh4+ 53. Kg2 Qg4+ 54. Kh2 Qf5 55. Kg2 Qe4+ 56. Kh2 Qd3 57. Qg2 Bd6+ 58. Kh1 Qd1+ 59.
Qg1 Qxg1+ 60. Kxg1 Kf7 61. Kg2 Ke6 62. Kf3 Kf5 63. Ke2 Kxg5 64. Kf2 h5 65. Kg2 h4 66. Kh1 Kg4 67. Kg2 h3+ 68. Kf1 Kg3 69. Ke2 h2 70. Kd2 1-0